 Dungeon Crawl Stone Soup version 0.29.1-1-gd02db6906a (webtiles) character file.

Game seed: 354380990856794792

49 mortz the Conjurer (level 4, 0/24 HPs)
             Began as a Kobold Conjurer on Sept 17, 2022.
             Slain by a kobold
             ... wielding a +0 whip
              (5 damage)
             ... on level 1 of the Dungeon.
             The game lasted 00:07:34 (1945 turns).

mortz the Conjurer (Kobold Conjurer)                Turns: 1945, Time: 00:07:34

Health: 0/24       AC:  5    Str:  4    XL:     4   Next: 2%
Magic:  1/7        EV: 15    Int: 21    God:
Gold:   0          SH:  0    Dex: 13    Spells: 5/8 levels left

rFire   . . .      SeeInvis .   c - +0 dagger
rCold   . . .      Faith    .   (no shield)
rNeg    . . .      Spirit   .   a - +0 robe
rPois   .          Reflect  .   m - +1 helmet
rElec   .          Harm     .   (no cloak)
rCorr   .          Rampage  .   h - +0 pair of gloves
Will    .....                   (no boots)
Stlth   +++.......              (no amulet)
HPRegen 0.08/turn               (no ring)
MPRegen 0.10/turn               (no ring)

@: no status effects
A: small, no large weapons, nightstalker 3
a: no special abilities


You were on level 1 of the Dungeon.
You visited 1 branch of the dungeon, and saw 2 of its levels.

Inventory:

Hand Weapons
 c - a +0 dagger (weapon)
 d - a +0 rapier
 g - a +0 short sword
 j - a +0 dagger
Armour
 a - a +0 robe (worn)
 h - a +0 pair of gloves (worn)
 m - a +1 helmet (worn)
Scrolls
 e - a scroll of magic mapping {unknown}
Potions
 b - a potion of magic
 f - a potion of curing {unknown}
 i - 2 potions of mutation {unknown}
 k - a potion of invisibility {unknown}


   Skills:
 + Level 0.3 Short Blades
 + Level 2.9 Dodging
 + Level 3.1 Stealth
 + Level 2.5 Spellcasting
 + Level 4.8 Conjurations


You had 5 spell levels left.
You knew the following spells:

 Your Spells              Type           Power      Damage    Failure   Level
a - Magic Dart            Conj           88%        1d7       1%          1
b - Searing Ray           Conj           44%        2d6       3%          2

Your spell library contained the following spells:

 Spells                   Type           Power      Damage    Failure   Level
 Dazzling Flash           Conj/Hex       24%        N/A       16%         3
 Fulminant Prism          Conj/Hex       6%         3d7       45%         4
 Iskenderun's Mystic Bla  Conj/Tloc      12%        2d5       45%         4


Dungeon Overview and Level Annotations

Branches:
Dungeon (2/15) Zot: 10053

Altars:


Innate Abilities, Weirdness & Mutations

You are small and have problems with some larger weapons.
You are completely attuned to the shadows.


Message History

You see here a +0 halberd.
There is a stone staircase leading down here.
You climb downwards.
The kobold shouts!
The gnoll shouts!
You hear a shout! x2
A gnoll comes into view. It is wielding a +0 halberd.
The kobold misses you. The gnoll closely misses you.
There is a stone staircase leading up here.
The gnoll shouts!
The gnoll hits you with a +0 flail!
Ouch! That really hurt!
The kobold closely misses you.
You climb upwards.
There is a stone staircase leading down here.
Casting: Searing Ray (safe; 3% risk of failure)
Confirm with . or Enter, or press ? or * to list all spells.
Aiming: Searing Ray (safe; 3% risk of failure)
Press: ? - help, Shift-Dir - straight line, f - gnoll
Aim: a gnoll, wielding a +0 flail (81% to hit)
The searing ray hits the gnoll.
The gnoll is moderately wounded. (Press . to maintain the ray.)
The gnoll completely misses you. The kobold misses you.
The searing ray hits the gnoll.
The gnoll is moderately wounded.
The gnoll closely misses you. The kobold barely misses you.
The searing ray hits the gnoll!
The gnoll is almost dead.
The gnoll barely misses you. The kobold barely misses you.
The searing ray hits the gnoll.
You kill the gnoll!
You finish channelling your searing ray.
The kobold hits you but does no damage.
You have reached level 4!
The kobold attacks as you move away! The kobold closely misses you.
Things that are here:
a +0 flail; a +0 halberd The kobold attacks as you move away!
The kobold hits you with a +0 whip.
* * * LOW HITPOINT WARNING * * *
The kobold attacks as you move away! The kobold hits you with a +0 whip.
You die...

#.####.#.#..##
#......#.#.###
############......
#..........)......
#.##########....(.
#># #...... #)#
####### #K#
#@############
#.##.........##
#.##..........####
#.................
####..........####
########...# #...#
#...# #...#


You could see a kobold.

Vanquished Creatures
  2 gnolls (D:1)
  A ball python (D:1)
  3 endoplasms (D:1)
  A giant cockroach (D:1)
  3 hobgoblins (D:1)
  3 jackals (D:1)
  5 kobolds (D:1)
  2 quokkas (D:1)
  5 bats (D:1)
  A frilled lizard (D:1)
  2 goblins (D:1)
28 creatures vanquished.

Notes
Turn   | Place    | Note
-------+----------+-------------------------------------------
     0 | D:1      | mortz the Kobold Conjurer began the quest for the Orb.
     0 | D:1      | Reached XP level 1. HP: 10/10 MP: 3/3
   261 | D:1      | Reached XP level 2. HP: 11/15 MP: 0/5
   264 | D:1      | Learned a level 2 spell: Searing Ray
   816 | D:1      | Reached XP level 3. HP: 19/19 MP: 0/6
   967 | D:1      | Found a faded altar of an unknown god.
  1942 | D:1      | Reached XP level 4. HP: 9/24 MP: 1/7
  1945 | D:1      | Slain by a kobold

Illustrated notes

Levels and vault maps discovered:
D:1:      shiori_shiawase, layout_basic, hellmonk_ecumenical_altar_dog_temple
D:2:      layout_basic, hangedman_decor_lopped, kennysheep_minor_cross,
          corexii_hall_statues_s, grunt_ministairs_14

Skill      XL: |  1  2  3 |
---------------+----------+-----
Stealth        | 3 |  3.1
Short Blades   | |  0.3
Dodging        | |  2.9
Spellcasting   | |  2.5
Conjurations   | |  4.8

Action                   |  1- 3 |  4- 6 || total
-------------------------+-------+-------++-------
Melee: Unarmed           |     9 |       ||     9
       Dagger            |    10 |       ||    10
 Cast: Magic Dart        |    47 |       ||    47
       Searing Ray       |     4 |       ||     4
  Use: Scroll            |     3 |       ||     3
 Stab: Sleeping          |     4 |       ||     4
Armor: Robe              |     9 |       ||     9
Dodge: Dodged            |    35 |     1 ||    36
